Map: Astillero orbital

Players

xXkazperXx - Winner!

  • Race: Zerg Zerg
  • League: Bronze

RANURA DE IA (Muy fácil)

  • Race: Terran Terran

VOD

Have the link to the VOD?

Description

Time

  • Played on: April 2, 2016, 8:26 a.m.
  • Length: 3:43
Show
View Real Time Build Order
Export as new Build Order

xXkazperXx Zerg - Winner!

Build Orders: Pool Only 

Get SALT Encoding   

  12  0:03  Drone  
  13  0:15  Overlord  
  13  0:18  Drone  
  14  0:39  Spawning Pool  
  14  0:42  Drone x2  
  15  0:53  Extractor  
  15  0:56  Drone x2  
  16  1:25  Queen  
  16  1:27  Zergling x6  
  21  1:38  Overlord  
  21  1:50  Zergling x2  
  22  2:03  Roach Warren  
  22  2:07  Zergling x2  
  22  2:13  Metabolic Boost  
  22  2:26  Zergling x4, Extractor  
  23  2:39  Zergling x8  
  27  2:50  Drone  
Show
View Real Time Build Order
Export as new Build Order

RANURA DE IA (Muy fácil) Terran 

Build Orders:  

Get SALT Encoding   

  12  0:00  SCV  
  13  0:13  SCV  
  14  0:19  Supply Depot  
  14  0:37  Refinery  
  14  0:46  Barracks  
  14  1:01  Supply Depot  
  14  1:11  Refinery  
  14  1:29  SCV  
  15  1:33  Marine  
  16  1:41  SCV  
  17  1:53  SCV  
  18  2:05  SCV  
  18  2:07  Marine  
  20  2:17  SCV  
  21  2:29  SCV  
  22  2:41  Marine  
  22  2:42  Orbital Command  
  23  3:12  Marine  
  23  3:14  Supply Depot  
  21  3:22  SCV  
Tags
 
League
Bronze
Matchup
TvZ
Opening
Pool Only
Replay Pack
replays pack
Add a new tag
Caveats
  • Supply blocks, unpowered buildings, or Contaminate may cause inaccurate times.
  • Supply counts are checked every 10 seconds.